 Dungeon Sprint DCSS version 0.30-a0-476-g330ca2eb8e (webtiles) character file.

Game seed: 9543624545892460706

121 Darkkill the Fighter (level 9, -13/92 HPs)
             Began as a Minotaur Hunter on Dec 21, 2022.
             Was an Initiate of Gozag.
             Mangled by a seven-headed hydra (15 damage)
             ... summoned by a witch
             ... in the Dungeon (Sprint VI: "Thunderdome").
             The game lasted 00:05:32 (731 turns).

Darkkill the Fighter (Minotaur Hunter)               Turns: 731, Time: 00:05:33

Health: -13/92     AC:  3    Str: 18    XL:     9   Next: 16%
Magic:  8/8        EV: 18    Int:  6    God:    Gozag
Gold:   17         SH:  0    Dex: 16    Spells: 8/8 levels left

rFire   . . .      SeeInvis .    n - +0 triple crossbow
rCold   . . .      Faith    .    (shield currently unavailable)
rNeg    . . .      Spirit   .    c - +0 leather armour
rPois   .          Reflect  .    (helmet restricted)
rElec   .          Harm     .    (no cloak)
rCorr   .          Rampage  .    (no gloves)
Will    .....      NoTele   +    (no boots)
Stlth   ++++......               (no amulet)
HPRegen 0.35/turn                (no ring)
MPRegen 0.11/turn                (no ring)

@: unable to read
A: horns 2, retaliatory headbutt, inability to read after injury 2
a: Renounce Religion, Potion Petition, Call Merchant, Bribe Branch


You were in the Dungeon.
You worshipped Gozag.
Gozag was noncommittal.
You visited 1 branch You collected 1577 gold pieces.
You spent 1560 gold pieces at shops.

Inventory:

Hand Weapons
 n - a +0 triple crossbow (weapon)
Armour
 c - a +0 leather armour (worn)
Wands
 a - a wand of flame (31)
 l - a wand of iceblast (3)
Scrolls
 b - a scroll of immolation
 i - 3 scrolls of blinking
 m - 3 scrolls of fog
Potions
 d - 21 potions of curing {@q1}
 e - 17 potions of heal wounds
 f - 4 potions of haste
 g - 2 potions of magic
 h - a potion of berserk rage
 j - a potion of resistance


   Skills:
 + Level 12.7 Fighting
 + Level 12.3 Ranged Weapons
 + Level 11.7 Dodging
 + Level 9.7 Stealth


You had 8 spell levels left.
You didn't know any spells.
Your spell library was empty.

Dungeon Overview and Level Annotations

Branches:
Dungeon (1/1)

Altars:
Cheibriados
Dithmenos
Fedhas
Gozag
Kikubaaqudgha
Makhleb
Okawaru
Qazlal
Ru
Sif Muna
Trog
Uskayaw
Vehumet
Wu Jian
Xom
Yredelemnul
Zin
The Shining One
Lugonu

Shops:
D *[??*?*:[((!!!!


Innate Abilities, Weirdness & Mutations

You have a pair of horns on your head.
You reflexively headbutt those who attack you in melee.
You sometimes lose the ability to read scrolls when taking damage.


Message History

Press: ? - help, Q - select action, (/) - cycle Shift-Dir - straight line, f - seven-headed hydra
Aim: a seven-headed hydra (summoned, 90% to hit)
The bolt of dispelling energy hits the seven-headed hydra!!
The seven-headed hydra is moderately wounded.
Fire: n) +0 triple crossbow
Press: ? - help, Q - select action, (/) - cycle Shift-Dir - straight line, f/p - seven-headed hydra
Aim: a seven-headed hydra (moderately wounded, summoned, 83% to hit)
You shoot a bolt. The bolt hits the seven-headed hydra!!
The seven-headed hydra is almost dead.
The seven-headed hydra disappears in a puff of smoke!
Aiming: Quicksilver Bolt
Press: ? - help, Q - select action, (/) - cycle Shift-Dir - straight line, f - thorn hunter
Aim: a thorn hunter (75% to hit)
The bolt of dispelling energy hits something!!
Reactivating autopickup.
The witch's magical effects unravel!
The bolt of dispelling energy hits the thorn hunter!
The thorn hunter is lightly damaged.
The now-empty wand crumbles to dust.
Fire: n) +0 triple crossbow
Press: ? - help, Q - select action, (/) - cycle Shift-Dir - straight line, f - witch, p - thorn hunter
Aim: a witch, wielding a +0 dagger and wearing a +0 robe (heavily wounded, 60% to hit)
You shoot a bolt. The bolt hits the witch!!
The witch is severely wounded.
The witch points at you and mumbles some strange words.
The ball explodes into a vile cloud!
The stinking cloud engulfs you but does no damage.
The stinking cloud engulfs the witch but does no damage.
Fire: n) +0 triple crossbow
Press: ? - help, Q - select action, (/) - cycle Shift-Dir - straight line, f/p - witch
Aim: a witch, wielding a +0 dagger and wearing a +0 robe (noxious fumes, severely wounded, 60% to hit)
You shoot a bolt. The bolt hits the witch!
The witch is severely wounded.
You are engulfed in noxious fumes.
The witch is engulfed in noxious fumes.
The witch hits you but does no damage.
The witch is engulfed in noxious fumes.
The witch appears confused.
Fire: n) +0 triple crossbow
Press: ? - help, Q - select action, (/) - cycle Shift-Dir - straight line, f/p - witch
Aim: a witch, wielding a +0 dagger and wearing a +0 robe (severely wounded, confused, 80% to hit)
You shoot a bolt. The bolt hits the witch.
The witch is severely wounded.
You are engulfed in noxious fumes.
You choke on the stench!
You are confused.
The thorn hunter hits you but does no damage.
The thorn hunter closely misses you. The witch hits you but does no damage.
The thorn hunter hits you!!
You feel threatened and lose the ability to read scrolls!
The thorn hunter misses you.
You feel much better.
You are engulfed in noxious fumes.
You choke on the stench!
You are more confused.
The thorn hunter fires a volley of thorns at you.
The volley of thorns hits you!!
The witch cries.
The witch hits the thorn hunter with a +0 dagger.
The thorn hunter hits you!!
* * * LOW HITPOINT WARNING * * *
The thorn hunter hits you.
* * * LOW HITPOINT WARNING * * *
You feel much better.
The witch hits the thorn hunter but does no damage.
The witch hits itself with a +0 dagger.
The thorn hunter hits you.
* * * LOW HITPOINT WARNING * * *
The thorn hunter completely misses you.
You feel much better.
You feel less confused. The thorn hunter hits you!
* * * LOW HITPOINT WARNING * * *
The thorn hunter barely misses you.
You feel much better. The thorn hunter hits you!!
The thorn hunter barely misses you.
A bog body comes into view.
You feel much better.
The witch seems less confused.
The thorn hunter gestures.
Thorny briars emerge from the ground!
The witch casts a spell.
A seven-headed hydra appears.
You feel much better. The thorn hunter completely misses you.
You furiously retaliate!
You headbutt the thorn hunter! The thorn hunter closely misses you.
The seven-headed hydra misses you.
The seven-headed hydra completely misses you.
The seven-headed hydra bites you!
The seven-headed hydra closely misses you.
The seven-headed hydra bites you! x2
* * * LOW HITPOINT WARNING * * *
The seven-headed hydra bites you.
* * * LOW HITPOINT WARNING * * *
The thorn hunter hits you!
* * * LOW HITPOINT WARNING * * *
The thorn hunter closely misses you.
You feel much better. The witch barely misses you. The thorn hunter hits you.
* * * LOW HITPOINT WARNING * * *
The thorn hunter closely misses you. The seven-headed hydra bites you.
* * * LOW HITPOINT WARNING * * *
The seven-headed hydra bites you but does no damage.
The seven-headed hydra bites you!
* * * LOW HITPOINT WARNING * * *
The seven-headed hydra bites you!
You die...
Your body crumbles into a pile of gold.

#∩.......∩# #_......._#
#_....PPPP# #_.....PPP#
###.........###
#⌠......n....⌠#
#####.8........[8.######
.___......###......_._∩##
........8.# #.8.@......∩###
.......s..###..pfD........##
.......###...###.[.......)⌠#
.......# #.<.# #....[.....§#
.......###...###.........f⌠#
..........###...........[.##
........8.# #.8........∩###
∩_._......###......___∩##
#####.8.........8.######


You could see a thorn hunter, a seven-headed hydra (summoned), a witch and a bog
body (wandering).

Vanquished Creatures
  A boulder beetle (D)
  A jumping spider (D)
  6 neqoxecs (D)
  A redback (D)
  A water moccasin (D)
  An orc warrior (D)
  Blork the orc (D)
  5 scorpions (D)
  A killer bee (D)
  An orc wizard (D)
  3 orcs (D)
22 creatures vanquished.

Notes
Turn   | Place    | Note
-------+----------+-------------------------------------------
     0 | D        | Darkkill the Minotaur Hunter began the quest for the Orb.
     0 | D        | Reached XP level 1. HP: 18/18 MP: 0/0
     3 | D        | Found a radiant altar of Vehumet.
     3 | D        | Found an ancient bone altar of Kikubaaqudgha.
     4 | D        | Found a blossoming altar of Fedhas.
     5 | D        | Found a glowing silver altar of Zin.
     5 | D        | Found an iron altar of Okawaru.
     5 | D        | Round 1.
     6 | D        | Found a bloodstained altar of Trog.
     6 | D        | Found a snail-covered altar of Cheibriados.
     6 | D        | Found Oteh's Weapon Rack.
     6 | D        | Found Nur Apta's Premium Goods.
     7 | D        | Found Ylank's Basic Armour.
     7 | D        | Found Qicleoj's Miscellaneous Merchandise.
    10 | D        | Found a hide-covered altar of Uskayaw.
    13 | D        | Found a burning altar of Makhleb.
    14 | D        | Found Vusaocu's Identification Station.
    15 | D        | Found an ornate altar of the Wu Jian Council.
    15 | D        | Found a shadowy altar of Dithmenos.
    15 | D        | Found a corrupted altar of Lugonu.
    16 | D        | Found Diuffimn's Advanced Armour.
    16 | D        | Found Xuejigek's Jewellery.
    20 | D        | Found a glowing golden altar of the Shining One.
    23 | D        | Found a shimmering altar of Xom.
    24 | D        | Found Vuxynax's Magic Scroll Shop.
    25 | D        | Found a stormy altar of Qazlal.
    25 | D        | Found a basalt altar of Yredelemnul.
    25 | D        | Found Bileag's Staff Store.
    27 | D        | Found Nuprios's Magic Scroll Shop.
    27 | D        | Found Femev's Must-Have Magic.
    30 | D        | Found a sacrificial altar of Ru.
    33 | D        | Noticed a killer bee
    35 | D        | Found a shimmering blue altar of Sif Muna.
    35 | D        | Found an opulent altar of Gozag.
    36 | D        | Found Kuemp's Distillery.
    36 | D        | Found Jyexunui's Do-It-Yourself Clinic.
    40 | D        | Killed a killer bee
    41 | D        | Reached skill level 5 in Ranged Weapons
    41 | D        | Reached XP level 2. HP: 16/28 MP: 1/1
    41 | D        | Reached XP level 3. HP: 20/34 MP: 2/2
    41 | D        | Found Suxetisk's Distillery.
    41 | D        | Found Zyim Oqenyji's Bottled Wisdom.
    46 | D        | Noticed a scorpion
    53 | D        | Became a worshipper of Gozag Ym Sagoz the Greedy
    58 | D        | Killed a scorpion
    59 | D        | Reached skill level 5 in Fighting
    59 | D        | Reached skill level 5 in Dodging
    59 | D        | Reached XP level 4. HP: 11/44 MP: 3/3
    61 | D        | HP: 8/44 [poisoned by a scorpion]
    65 | D        | Noticed a water moccasin
    67 | D        | HP: 4/44 [water moccasin (4)]
    74 | D        | Killed a water moccasin
    75 | D        | Reached skill level 5 in Stealth
    75 | D        | Reached XP level 5. HP: 26/52 MP: 4/4
    88 | D        | Bought a +0 triple crossbow for 300 gold pieces
   163 | D        | Noticed a redback
   165 | D        | Reached XP level 6. HP: 44/61 MP: 5/5
   165 | D        | Killed a redback
   176 | D        | Arena points: 6 (+6) [x1]
   191 | D        | Round 2.
   193 | D        | Bought 3 potions of heal wounds for 105 gold pieces
   278 | D        | Noticed an orc warrior
   286 | D        | Killed an orc warrior
   303 | D        | Noticed Blork the orc
   307 | D        | Killed Blork the orc
   308 | D        | Reached XP level 7. HP: 38/70 MP: 6/6
   316 | D        | Bought 4 potions of curing for 84 gold pieces
   316 | D        | Bought 4 potions of curing for 84 gold pieces
   316 | D        | Bought 4 potions of curing for 84 gold pieces
   327 | D        | Arena points: 34 (+28) [x2]
   349 | D        | Bought 4 potions of curing for 84 gold pieces
   375 | D        | Round 3.
   375 | D        | Noticed a neqoxec
   383 | D        | Killed a neqoxec
   384 | D        | Reached skill level 10 in Fighting
   384 | D        | Reached skill level 10 in Ranged Weapons
   392 | D        | Bought 4 potions of curing for 84 gold pieces
   398 | D        | Noticed a neqoxec
   402 | D        | Noticed a neqoxec
   402 | D        | Killed a neqoxec
   406 | D        | Killed a neqoxec
   427 | D        | Bought 3 potions of heal wounds for 105 gold pieces
   434 | D        | Noticed a neqoxec
   442 | D        | Killed a neqoxec
   443 | D        | Reached skill level 10 in Dodging
   443 | D        | Reached XP level 8. HP: 59/81 MP: 7/7
   469 | D        | Gained mutation: You occasionally lose the ability to read
                  | scrolls when taking damage. [a neqoxec]
   470 | D        | Gained mutation: You sometimes lose the ability to read
                  | scrolls when taking damage. [a neqoxec]
   473 | D        | Arena points: 97 (+63) [x3]
   503 | D        | Bought 3 potions of heal wounds for 105 gold pieces
   503 | D        | Bought 3 potions of heal wounds for 105 gold pieces
   516 | D        | Round 4.
   596 | D        | Bought 3 potions of heal wounds for 105 gold pieces
   621 | D        | Noticed a boulder beetle
   636 | D        | Killed a boulder beetle
   637 | D        | Reached XP level 9. HP: 28/91 MP: 8/8
   685 | D        | Bought 3 potions of heal wounds for 105 gold pieces
   685 | D        | Bought 3 potions of heal wounds for 105 gold pieces
   685 | D        | Arena points: 121 (+24) [x1]
   688 | D        | Bought 3 potions of heal wounds for 105 gold pieces
   700 | D        | Round 5.
   706 | D        | Noticed a witch
   717 | D        | Noticed a thorn hunter
   717 | D        | Noticed a seven-headed hydra
   725 | D        | HP: 14/92 [thorn hunter (21)]
   728 | D        | Noticed a bog body
   730 | D        | Noticed a seven-headed hydra
   730 | D        | HP: 3/92 [thorn hunter (17)]
   731 | D        | Mangled by a seven-headed hydra

Illustrated notes

Levels and vault maps discovered:
D:        arena_sprint

Skill      XL: |  1  2  3  4  5  6  7  8 |
---------------+-------------------------+-----
Fighting       | 4 5 7 9 10 12 | 12.7
Ranged Weapons | 5 6 7 8 9 10 12 | 12.3
Dodging        | 4 5 6 7 8 10 11 | 11.7
Stealth        | 3 4 5 7 8 9 |  9.7

Action                   |  1- 3 |  4- 6 |  7- 9 || total
-------------------------+-------+-------+-------++-------
 Fire: Shortbow          |     9 |     5 |       ||    14
       Triple crossbow   |       |    21 |    50 ||    71
Evoke: Wand              |       |     1 |     6 ||     7
  Use: Potion            |       |     3 |     8 ||    11
       Scroll            |       |       |     1 ||     1
Armor: Leather armour    |       |       |     4 ||     4
Dodge: Dodged            |     7 |    11 |    31 ||    49

Table legend: (Time is in decaauts)
 A = Elapsed time spent in this place.
 B = Non-inter-level travel time spent in this place.
 C = Inter-level travel time spent in this place.
 D = Time resting spent in this place.
 E = Time spent auto-exploring this place.
 F = Levels seen in this place.
 G = Mean time per level.
                   A        B        C        D        E       F      G
               +--------+--------+--------+--------+--------+-----+--------+
         Total |    792 |    789 |      3 |     41 |     73 |   1 |  792.0 |
       Dungeon |    792 |    789 |      3 |     41 |     73 |   1 |  792.0 |
               +--------+--------+--------+--------+--------+-----+--------+

Top non-repeatable levels by time:
       D: 792 daAuts

Table legend:
 A = Kills in this place as a percentage of kills in entire the game.
 B = Kills by you in this place as a percentage of kills by you in the entire game.
 C = Kills by friends in this place as a percentage of kills by friends in the entire game.
 D = Other kills in this place as a percentage of other kills in the entire game.
 E = Experience gained in this place as a percentage of experience gained in the entire game.
 F = Experience gained in this place divided by the number of levels of this place that you have seen.
                   A       B       C       D       E      F
               +-------+-------+-------+-------+-------+----------------------
         Total | 100.0 | 100.0 |   N/A |   N/A | 100.0 | 3242.0
       Dungeon | 100.0 | 100.0 |   N/A |   N/A | 100.0 | 3242.0
               +-------+-------+-------+-------+-------+----------------------
